 Dungeon Crawl Stone Soup version 0.19-a0-1662-gb81896f (webtiles) character file.

67 Naow the Chopper (level 4, -1/60 HPs)
             Began as a Minotaur Berserker on Sept 21, 2016.
             Was a Believer of Trog.
             Slain by an orc wizard
             ... wielding a +0 dagger
              (5 damage)
             ... on level 3 of the Dungeon.
             The game lasted 00:02:43 (1699 turns).

Naow the Chopper (Minotaur Berserker)               Turns: 1699, Time: 00:02:44

Health: -1/60      AC:  2    Str: 27    XL:     4   Next: 0%
Magic:  3/3        EV: 12    Int:  4    God:    Trog [**....]
Gold:   110        SH:  0    Dex: 10    Spells: 0 memorised, 3 levels left

rFire  . . .     SeeInvis .     a - +0 hand axe
rCold  . . .     Gourm    .     b - +0 animal skin
rNeg   . . .     Faith    .     (no shield)
rPois  .         Spirit   .     (helmet restricted)
rElec  .         Dismiss  .     (no cloak)
rCorr  .         Reflect  .     (no gloves)
MR     ++...     Harm     .     (no boots)
Stlth  ..........               (no amulet)
                                (no ring)
                                (no ring)

@: berserking, regenerating, very quick
A: retaliatory headbutt, horns 2
a: Berserk, Trog's Hand, Burn Spellbooks, Renounce Religion


You were on level 3 of the Dungeon.
You worshipped Trog.
Trog was pleased with you.
You were very hungry.

You visited 1 branch of the dungeon, and saw 3 of its levels.

You collected 110 gold pieces.

Inventory:

Hand Weapons
 a - a +0 hand axe (weapon)
Armour
 b - a +0 animal skin (worn)
 i - a +0 pair of boots
 n - a +0 plate armour
Jewellery
 f - a cursed ring of teleportation {unknown}
Scrolls
 e - 2 scrolls of teleportation {unknown}
 g - 2 scrolls of identify {unknown}
 h - 4 scrolls of fog {unknown}
 l - 2 scrolls of remove curse {unknown}
 o - a scroll of random uselessness {unknown}
Potions
 d - a potion of heal wounds {unknown}
 j - a potion of curing {unknown}
 k - a potion of agility {unknown}
 m - a potion of lignification {unknown}
Comestibles
 c - 3 bread rations


   Skills:
 - Level 3.8 Fighting
 + Level 5.5 Axes
 - Level 2.7 Armour
 - Level 2.3 Dodging


You had 3 spell levels left.
You didn't know any spells.

Dungeon Overview and Level Annotations

Branches:
Dungeon (3/15)

Altars:
Trog
Vehumet


Innate Abilities, Weirdness & Mutations

You reflexively headbutt those who attack you in melee.
You have a pair of horns on your head.


Message History

You feel agile.
You are too injured to fight recklessly!
You hit the orc wizard.
The orc wizard is moderately wounded.
You miss the hound. The hound bites you.
* * * LOW HITPOINT WARNING * * *
The orc wizard casts a spell.
The orc wizard seems to speed up.
A red film seems to cover your vision as you go berserk!
You feel yourself moving faster!
You feel mighty!
You are feeling very hungry.
The hound bites you.
* * * LOW HITPOINT WARNING * * *
The orc wizard casts a spell at you. The magic dart hits you!
* * * LOW HITPOINT WARNING * * *
The hound bites you.
* * * LOW HITPOINT WARNING * * *
The orc wizard hits you with a dagger.
You die...

.......).....#...... #
..##...##.####..#.. .
#.##...##.# ##..#.# .#
#>.....#... ...#.##.#
####...#.### #.......#
#...#.#####......#
#...#.##........##
####...#.##.##.#....#
...............#@).#....
...............#ho.# ...
..............##o.....
##.#...#.########.......
#.#...#.# .....##
#.#...#.# #.##.#
..#...#.# .. ..#
#.#...#.# ... .# .......


You could see a hound, an orc wizard and an orc.

Vanquished Creatures
  An adder (D:2)
  A worm (D:2)
  A leopard gecko (D:1)
  6 orcs (D:3)
  A ball python (D:1)
  A giant cockroach (D:1)
  5 goblins
  5 hobgoblins
  11 kobolds
  9 bats
  4 frilled lizards
  2 rats (D:1)
47 creatures vanquished.

Notes
Turn   | Place    | Note
-------+----------+-------------------------------------------
     0 | D:1      | Naow the Minotaur Berserker began the quest for the Orb.
     0 | D:1      | Reached XP level 1. HP: 19/19 MP: 0/0
   306 | D:1      | Reached XP level 2. HP: 27/27 MP: 1/1
   470 | D:1      | Reached skill level 4 in Axes
   932 | D:2      | Reached XP level 3. HP: 29/33 MP: 2/2
   956 | D:2      | Reached ** piety under Trog
  1095 | D:2      | Found a bloodstained altar of Trog.
  1152 | D:2      | Reached skill level 5 in Axes
  1303 | D:2      | Found a radiant altar of Vehumet.
  1697 | D:3      | Reached XP level 4. HP: 11/40 MP: 3/3
  1699 | D:3      | Slain by an orc wizard

Vault maps used:
D:1:      scummos_arrival_checkerplants
D:2:      lemuel_doored_altar, lemuel_coloured_pillars_altar
D:3:      lemuel_round_altar, elyvilon_altar_4

Skill      XL: |  1  2  3 |
---------------+----------+-----
Axes           | 4 5 |  5.5
Fighting       | |  3.8
Armour         | |  2.7
Dodging        | |  2.3

Action                   |  1- 3 |  4- 6 || total
-------------------------+-------+-------++-------
Melee: Hand axe          |    95 |     1 ||    96
       Headbutt          |    20 |       ||    20
Invok: Trog's Hand       |     1 |       ||     1
       Berserk           |       |     1 ||     1
  Eat: Chunk             |     2 |       ||     2
Armor: Animal skin       |    24 |       ||    24
Dodge: Dodged            |    61 |       ||    61
